 Dungeon Crawl Stone Soup version 0.26.0-9-gab577f9fc5 (webtiles) character file.

Game seed: 13627060678605609482

222181 Marvel the Warrior (level 18, -7/162 HPs)
             Began as a Demonspawn Abyssal Knight on Jan 13, 2021.
             Was the Champion of Lugonu.
             Mangled by an ettin
             ... wielding a +0 dire flail
              (34 damage)
             ... on level 1 of the Vaults.
             The game lasted 02:16:38 (37120 turns).

Marvel the Warrior (Demonspawn Abyssal Knight)     Turns: 37120, Time: 02:16:39

Health: -7/162     AC: 20    Str: 21    XL:     18   Next: 52%
Magic:  24/24      EV:  8    Int: 16    God:    Lugonu [******]
Gold:   1645       SH: 24    Dex: 12    Spells: 17/17 levels left

rFire    . . .     SeeInvis +   C - +9 short sword (distort)
rCold    + + +     Faith    .   b - +6 tower shield of Ru's Fury {+Blink rN+ Stlth+}
rNeg     + + .     Spirit   .   a - +5 ring mail {rPois}
rPois    +         Reflect  .   q - +3 crown of Dyrovepreva {rElec Int+2 SInv}
rElec    +         Harm     .   x - scarf {repulsion}
rCorr    +         Rampage  .   A - +0 pair of gloves
Will     +....     Clarity  +   (no boots)
Stlth    +.........             Q - amulet of Xykiub Tomu {+Fly rC+ Regen+}
HPRegen  0.77/turn              s - ring of positive energy
MPRegen  0.19/turn              O - ring "Zokhat" {rElec rC+ rCorr SInv}

@: about to teleport, repel missiles
A: hooves 2, horns 1, icy blue scales 3, clarity, cold resistance 1, demonic
guardian 3, mutation resistance 1, spiny 2
}: 1/15 runes: serpentine
a: Renounce Religion, Evoke Blink, Evoke Flight, Depart the Abyss, Bend Space,
Banish, Corrupt, Enter the Abyss, Brand Weapon With Distortion


You were on level 1 of the Vaults.
You worshipped Lugonu.
Lugonu was exalted by your worship.
You visited 7 branches of the dungeon, and saw 30 of its levels.
You visited the Abyss 1 time.
You also visited: Gauntlet.

You collected 2614 gold pieces.
You spent 969 gold pieces at shops.

Inventory:

Hand Weapons
 C - a +9 short sword of distortion (weapon)
Missiles
 m - 59 boomerangs (quivered)
Armour
 a - a +5 ring mail of poison resistance (worn)
 b - the +6 tower shield of Ru's Fury (worn) {+Blink rN+ Stlth+}
   (You found it on level 5 of the Lair of Beasts)

   It protects you from negative energy.
   It lets you blink.
   It makes you more stealthy.
 q - the +3 crown of Dyrovepreva (worn) {rElec Int+2 SInv}
   (You found it in a Gauntlet)

   It affects your intelligence (+2).
   It insulates you from electricity.
   It lets you see invisible.
 x - a scarf of repulsion (worn)
 z - a +2 chain mail of fire resistance
 A - a +0 pair of gloves (worn)
Jewellery
 l - an uncursed ring of wizardry {unknown}
 o - an uncursed ring of poison resistance {unknown}
 s - a ring of positive energy (left hand)
 O - the ring "Zokhat" (right hand) {rElec rC+ rCorr SInv}
   (You bought it in a shop on level 6 of the Dungeon)

   [ring of resist corrosion]

   It protects you from cold.
   It insulates you from electricity.
   It lets you see invisible.
   It provides partial protection from all sources of acid and corrosion.
 Q - the amulet of Xykiub Tomu (around neck) {+Fly rC+ Regen+}
   (You found it on level 10 of the Dungeon)

   [amulet of regeneration]

   It protects you from cold.
   It lets you fly.
   It increases your rate of regeneration.
Wands
 f - a wand of digging (2)
 i - a wand of acid (12)
 p - a wand of disintegration (12)
 K - a wand of enslavement (16)
 P - a wand of polymorph (10)
 S - a wand of flame (37)
Scrolls
 c - 9 scrolls of teleportation
 e - 3 scrolls of amnesia
 h - 9 scrolls of magic mapping
 j - a scroll of enchant weapon
 k - 9 scrolls of identify
 r - 3 scrolls of fog
 u - a scroll of enchant armour
 w - 18 scrolls of remove curse
 R - 3 scrolls of fear
 T - 2 scrolls of blinking
Potions
 d - 6 potions of flight
 g - 4 potions of brilliance
 n - 5 potions of magic
 t - 3 potions of heal wounds
 B - 8 potions of curing
 H - 4 potions of might
 M - 2 potions of cancellation
 N - a potion of haste
Miscellaneous
 v - a phantom mirror


   Skills:
 + Level 19.7 Fighting
 + Level 17.1 Short Blades
 - Level 7.8 Maces & Flails
 - Level 1.8 Throwing
 + Level 7.7 Armour
 - Level 1.1 Dodging
 + Level 12.5 Shields
 + Level 9.2 Invocations
 + Level 2.9 Evocations


You had 17 spell levels left.
You didn't know any spells.
Your spell library contained the following spells:

 Spells                   Type           Power        Failure   Level
 Beastly Appendage        Tmut           0%           89%         1
 Wereblood                Tmut           0%           96%         2
 Spider Form              Tmut/Pois      0%           99%         3
 Ice Form                 Ice/Tmut       0%           100%        4
 Blade Hands              Tmut           0%           100%        5
 Irradiate                Conj/Tmut      0%           100%        5
 Hydra Form               Tmut           0%           100%        6
 Statue Form              Tmut/Erth      0%           100%        6
 Dragon Form              Tmut           0%           100%        7


Dungeon Overview and Level Annotations

Branches:
Dungeon (15/15)            Temple (1/1) D:4            Lair (6/6) D:10
 Shoals (0/4) Lair:3        Snake (4/4) Lair:3        Slime (1/5) Lair:6
    Orc (2/2) D:10            Elf (0/3) Orc:2        Vaults (1/5) D:13
 Depths (0/5) D:15        Gauntlet (visited)

Altars:
Ashenzari
Dithmenos
Elyvilon
Hepliaklqana
Okawaru
Sif Muna
Trog
Vehumet
Xom
Zin
Beogh

Shops:
D:5 =   D:6 =   D:10 (   D:11 *   D:13 (   Orc:1 !(?   Orc:2 !}*(
Snake:1 :!(?   Snake:2 }

Portals:
Pandemonium: Orc:2

Annotations:
D:6 3 runed translucent doors, lasso's ghost, novice DECj
Lair:6 2 transporters, dracos369's ghost, journeyman MfIE
Abyss:1 Josephine; Urug; Vashnia


Innate Abilities, Weirdness & Mutations

You have hoof-like feet.
You are completely covered in icy blue scales. (AC +4, rC+)
A powerful demonic guardian rushes to your aid.
You are mostly covered in sharp spines.
You have a pair of small horns on your head.
You possess an exceptional clarity of mind.
Your flesh is cold resistant. (rC+)
You are somewhat resistant to further mutation.


Message History

The bolt hits you.
The centaur shoots an arrow.
The arrow hits you!
* * * LOW HITPOINT WARNING * * *
Things that are here:
a bolt; 2 arrows The ettin is struck by your spines.
The ettin hits you with a +0 dire flail.
* * * LOW HITPOINT WARNING * * *
You block the ettin's attack.
The centaur shoots an arrow.
You block the arrow.
The yaktaur shoots a bolt.
The bolt hits you!
* * * LOW HITPOINT WARNING * * *
There is an open door, spattered with blood here.
Things that are here:
a bolt; an arrow
As you read the scroll of teleportation, it crumbles to dust.
You feel strangely unstable. You block the ettin's attack.
The ettin hits you with a +0 dire flail!
* * * LOW HITPOINT WARNING * * *
The ettin is struck by your spines.
The ettin hits you with a +0 dire flail!!
You die...

.##. '#( ... .. ##
+####### # z. #$+
#..#...# .# e##..#
#..#.⌠.# #.
cc...#####cc..###'
§Cp..#.#((#(..#..#
(##..#.#))#§(.#.@#
eu## #.#2.#.§(#C.#
#.c####c###(.(c###
#.cz.#z#..#)⌠.#..#
#.CpcCc#..#...#..#
#######'#########+
#.#c.#
########'########
.................


You could see an ettin and a centaur.

Vanquished Creatures
  2 acid blobs (Slime:1)
  Agnes (D:15)
  An azure jelly (Slime:1)
  7 nagarajas (Snake:4)
  Louise (D:14)
  A frost giant (Vaults:1)
  A very ugly thing (Vaults:1)
  Nessos (D:12)
  A minotaur (Gauntlet)
  Snorg (Lair:6)
  An ettin (shapeshifter) (D:15)
  17 naga warriors
  3 vault guards (D:13)
  Erolcha (D:12)
  5 hydras
  3 boulder beetles
  10 anacondas
  2 catoblepae (Lair:6)
  An ogre mage (D:15)
  A centaur warrior (D:15)
  11 death yaks
  6 orc high priests
  3 two-headed ogres
  16 naga sharpshooters
  5 shock serpents
  3 skeletal warriors
  2 sixfirhies (Orc:2)
  A salamander mystic (Snake:2)
  2 unseen horrors (D:15)
  An unseen horror (shapeshifter) (D:15)
  A sea snake (Snake:2)
  A glowing orange brain (Vaults:1)
  11 naga ritualists
  A deep elf archer (Vaults:1)
  A wizard (Vaults:1)
  An infernal demonspawn (Orc:2)
  4 orc knights
  11 mana vipers
  7 orc sorcerers
  9 ugly things (D:15)
  2 shining eyes (Slime:1)
  A necromancer (Lair:6)
  2 manticores
  2 cyclopes (D:15)
  10 salamanders
  2 merfolk sirens (Lair:3)
  A centaur zombie (D:15)
  3 guardian serpents (Snake:4)
  3 elephants
  8 naga magi
  Maurice (D:12)
  38 black mambas
  11 cane toads
  A torpor snail (Lair:3)
  2 rime drakes
  2 kobold demonologists
  A komodo dragon (shapeshifter) (D:15)
  An efreet (D:14)
  2 yaktaurs
  6 komodo dragons
  4 trolls
  A hornet (D:10)
  A merfolk (Lair:3)
  8 polar bears
  A harpy skeleton (D:13)
  Grinder (D:5)
  8 dream sheep (Lair:5)
  17 slime creatures
  A spectral black mamba (Gauntlet)
  A shadow (D:11)
  A tarantella (shapeshifter) (D:15)
  A water elemental (D:14)
  4 wraiths
  59 yaks
  A ynoxinul (Orc:2)
  A human (D:13)
  4 wyverns
  2 chaos spawn (Orc:2)
  3 small abominations (Gauntlet)
  2 vampire mosquitoes
  6 wargs
  2 acid dragons
  51 nagas
  Edmund (D:5)
  Duvessa (D:6)
  14 water moccasins
  30 orc warriors
  2 sky beasts
  9 black bears
  2 ice beasts
  A sky beast (shapeshifter) (D:15)
  3 necrophages
  8 boggarts
  6 ogres
  10 wolves
  An eye of draining (Slime:1)
  15 centaurs
  15 bullfrogs
  A gnoll sergeant (D:7)
  A water moccasin zombie (D:6)
  A wyvern skeleton (D:13)
  Dowan (D:6)
  A hornet simulacrum (D:12)
  3 scorpions
  A water moccasin skeleton (D:4)
  23 killer bees (D:10)
  19 wights
  5 electric eels
  2 howler monkeys
  3 quasits
  4 hounds
  3 jellies
  26 orc priests
  A bullfrog skeleton (D:6)
  3 centaur skeletons
  An iguana (D:5)
  9 worker ants
  20 orc wizards
  3 yak simulacra (Lair:6)
  5 hell rats (Lair:6)
  2 wolf simulacra (Lair:6)
  2 polar bear simulacra (Lair:6)
  A hound zombie (D:5)
  A hound skeleton (D:4)
  2 mummies (D:12)
  12 adders
  9 gnolls
  3 shadow imps
  4 white imps
  2 ufetubi (D:7)
  3 oozes
  A worm (D:2)
  3 dart slugs
  5 leopard geckos
  102 orcs
  4 ball pythons
  12 bats
  5 giant cockroaches
  6 hobgoblins
  14 jackals
  5 kobolds
  5 quokkas
  6 frilled lizards
  13 goblins
  A jackal skeleton (D:4)
  9 rats
  3 river rat simulacra (Lair:6)
926 creatures vanquished.

Vanquished Creatures (collateral kills)
  2 nagarajas (Snake:4)
  Harold (Orc:1)
  5 naga warriors
  2 hydras
  A catoblepas (Lair:6)
  2 centaur warriors
  2 two-headed ogres
  An anaconda (Snake:3)
  4 death yaks
  An ogre mage (Orc:1)
  3 naga sharpshooters
  A soul eater (Orc:2)
  A spectral hydra (Gauntlet)
  6 naga ritualists
  2 mana vipers
  An orc sorcerer (Orc:1)
  A deep elf mage (D:9)
  An ugly thing (D:11)
  2 salamanders
  2 cyclopes
  A centaur zombie (D:14)
  2 elephants
  3 naga magi
  7 black mambas
  A torpor snail (Lair:5)
  A cane toad (Lair:2)
  A tengu conjurer (D:13)
  A polar bear (Lair:1)
  A merfolk (Lair:3)
  A queen bee (D:10)
  2 dream sheep (Lair:5)
  A slime creature (Slime:1)
  Sigmund (D:5)
  15 yaks
  2 wraiths (Orc:2)
  Eustachio (D:6)
  A basilisk (D:13)
  12 nagas
  A water moccasin (Lair:3)
  7 orc warriors
  2 ice beasts
  A wolf (Lair:2)
  4 centaurs
  A bullfrog (Lair:4)
  A scorpion (D:5)
  A killer bee (D:10)
  A wight (D:9)
  A howler monkey (D:14)
  An electric eel (Lair:3)
  3 orc priests
  A hound (D:10)
  An orc wizard (Orc:1)
  A hound skeleton (D:5)
  A gnoll (D:7)
  3 adders (Lair:3)
  18 orcs
  A butterfly (Lair:2)
145 creatures vanquished.

Vanquished Creatures (others)
  5 dream sheep (D:11)
  An acid dragon (D:15)
  An electric eel (D:15)
  An orc wizard (D:15)
  31 fungi
  83 plants
  A withered plant (D:12)
123 creatures vanquished.

Grand Total: 1194 creatures vanquished

Notes
Turn   | Place    | Note
-------+----------+-------------------------------------------
     0 | Abyss:1  | Marvel the Demonspawn Abyssal Knight began the quest for
                  | the Orb.
     0 | Abyss:1  | Reached XP level 1. HP: 18/18 MP: 2/2
    33 | D:1      | Escaped the Abyss
   384 | D:1      | Gained mutation: You are partially covered in icy blue
                  | scales. (AC +2) [demonic ancestry]
   384 | D:1      | Reached XP level 2. HP: 20/24 MP: 3/3
   850 | D:1      | Reached skill level 1 in Dodging
   955 | D:1      | Gained mutation: You are partially covered in sharp spines.
                  | [demonic ancestry]
   955 | D:1      | Reached XP level 3. HP: 13/29 MP: 4/4
  1162 | D:1      | Reached ** piety under Lugonu
  1858 | D:2      | Found a radiant altar of Vehumet.
  1949 | D:2      | Reached XP level 4. HP: 35/35 MP: 5/5
  2052 | D:2      | Found a bloodstained altar of Trog.
  2772 | D:4      | Gained mutation: You have large cloven feet. [demonic
                  | ancestry]
  2772 | D:4      | Reached XP level 5. HP: 13/41 MP: 6/6
  3177 | D:4      | Reached *** piety under Lugonu
  3223 | D:4      | Found a staircase to the Ecumenical Temple.
  3291 | D:4      | Reached skill level 5 in Maces & Flails
  3327 | D:4      | Gained mutation: A weak demonic guardian rushes to your
                  | aid. [demonic ancestry]
  3327 | D:4      | Reached XP level 6. HP: 46/48 MP: 7/7
  3902 | D:3      | Found a broken altar of Ashenzari.
  4129 | D:5      | Entered Level 5 of the Dungeon
  4374 | D:5      | Found Iwenge's Jewellery Emporium.
  4385 | D:5      | Reached skill level 1 in Throwing
  4614 | D:5      | Found a white marble altar of Elyvilon.
  4701 | D:5      | Reached skill level 4 in Fighting
  4950 | D:5      | Found a glowing silver altar of Zin.
  4986 | D:5      | Noticed Edmund
  4988 | D:5      | Noticed Sigmund
  5225 | D:5      | You fall into a shaft and drop 1 floor!
  5232 | D:6      | Gained mutation: You are mostly covered in icy blue scales.
                  | (AC +3) [demonic ancestry]
  5232 | D:6      | Reached XP level 7. HP: 43/54 MP: 9/9
  5289 | D:6      | Noticed Eustachio
  5321 | D:5      | Killed Sigmund
  5351 | D:5      | Noticed Grinder
  5379 | D:5      | Killed Edmund
  5386 | D:5      | Killed Grinder
  5811 | D:6      | Killed Eustachio
  5812 | D:6      | Gained mutation: You are mostly covered in sharp spines.
                  | [demonic ancestry]
  5812 | D:6      | Reached XP level 8. HP: 50/61 MP: 10/10
  5880 | D:6      | Found Roomoem's Jewellery Shop.
  5930 | D:6      | Reached skill level 5 in Fighting
  6078 | D:6      | Found a hazy altar of Hepliaklqana.
  6129 | D:6      | Found a runed translucent gate.
  6130 | D:6      | Found a runed translucent gate.
  6130 | D:6      | Found a runed translucent gate.
  6131 | D:6      | Noticed lasso's ghost (novice DECj)
  6146 | D:6      | Found a radiant altar of Vehumet.
  6218 | D:6      | Noticed Dowan
  6219 | D:6      | Noticed Duvessa
  6226 | D:6      | Killed Dowan
  6236 | D:6      | Killed Duvessa
  6236 | D:6      | Reached **** piety under Lugonu
  6542 | D:6      | Reached skill level 1 in Shields
  6871 | D:7      | Reached skill level 1 in Short Blades
  6881 | D:7      | Reached skill level 6 in Fighting
  7561 | D:7      | Found a shadowy altar of Dithmenos.
  7610 | D:7      | Reached skill level 7 in Fighting
  7610 | D:7      | Gained mutation: You have hoof-like feet. [demonic
                  | ancestry]
  7610 | D:7      | Reached XP level 9. HP: 65/72 MP: 11/11
  7908 | D:7      | Found a shimmering blue altar of Sif Muna.
  8545 | D:8      | Reached ***** piety under Lugonu
  8597 | D:8      | Got a polished trident
  8598 | D:8      | Identified the +2 trident "Zoruk" {vamp, Dex+4} (You found
                  | it on level 8 of the Dungeon)
  8667 | D:8      | Noticed a wolf spider
  8835 | D:9      | Noticed a deep elf mage
  8842 | D:9      | Killed a deep elf mage
  8843 | D:9      | Reached skill level 5 in Short Blades
  8880 | D:9      | Reached skill level 8 in Fighting
  9266 | D:9      | Reached XP level 10. HP: 28/82 MP: 12/12
  9916 | D:10     | Entered Level 10 of the Dungeon
  9916 | D:10     | Noticed a two-headed ogre
  9922 | D:10     | Killed a two-headed ogre
 10082 | D:10     | Got a shimmering emerald amulet
 10088 | D:10     | Identified the amulet of Xykiub Tomu {+Fly rC+ Regen+} (You
                  | found it on level 10 of the Dungeon)
 10095 | D:10     | Paralysed by a hornet for 2 turns
 10099 | D:10     | Paralysed by a hornet for 2 turns
 10103 | D:10     | HP: 5/123 [poisoned by a hornet]
 10127 | D:10     | Reached skill level 9 in Fighting
 10293 | D:10     | Found Zezxurut's Weapon Shop.
 10681 | D:10     | Found a roughly hewn altar of Beogh.
 10681 | D:10     | Found a staircase to the Orcish Mines.
 10681 | D:10     | Noticed an orc knight
 10702 | D:10     | Gained mutation: A demonic guardian rushes to your aid.
                  | [demonic ancestry]
 10702 | D:10     | Reached XP level 11. HP: 80/90 MP: 14/14
 10843 | D:11     | Reached skill level 10 in Fighting
 10854 | D:11     | Reached skill level 10 in Short Blades
 10976 | D:11     | Reached ****** piety under Lugonu
 11084 | D:11     | Found a gate leading to a gauntlet.
 11099 | Gauntlet | Entered a Gauntlet
 11099 | Gauntlet | Found a transporter.
 11099 | Gauntlet | Found a transporter.
 11099 | Gauntlet | Found a transporter.
 11109 | Gauntlet | Found a transporter.
 11114 | Gauntlet | Found a transporter.
 11157 | Gauntlet | Noticed a death scarab
 11164 | Gauntlet | Found a transporter.
 11164 | Gauntlet | Found a transporter.
 11184 | Gauntlet | Found the +3 crown of Dyrovepreva {rElec Int+2 SInv}
 11203 | Gauntlet | Noticed a death scarab
 11205 | Gauntlet | Noticed a death scarab
 11206 | Gauntlet | Found a transporter.
 11210 | Gauntlet | Found a transporter.
 11277 | Gauntlet | Noticed a minotaur
 11288 | Gauntlet | Killed a minotaur
 11423 | D:11     | Noticed a red ugly thing
 11428 | D:11     | Killed a red ugly thing
 11566 | D:11     | Found Xuron's Assorted Antiques.
 11717 | D:6      | Bought the ring "Zokhat" {rElec rC+ rCorr SInv} for 497
                  | gold pieces
 11879 | Orc:1    | Entered Level 1 of the Orcish Mines
 11879 | Orc:1    | Noticed Harold
 11887 | Orc:1    | Noticed an ogre mage
 11892 | Orc:1    | Noticed a two-headed ogre
 11893 | Orc:1    | Killed Harold
 11894 | Orc:1    | Reached skill level 11 in Fighting
 11894 | Orc:1    | Noticed an orc sorcerer
 12000 | D:10     | Killed an orc knight
 12137 | D:10     | Found a staircase to the Lair.
 12181 | D:10     | Found an iron altar of Okawaru.
 12423 | D:11     | Found a shimmering altar of Xom.
 12666 | Lair:1   | Entered Level 1 of the Lair of Beasts
 12761 | Lair:1   | Reached skill level 5 in Invocations
 12943 | Lair:1   | Gained mutation: You are completely covered in icy blue
                  | scales. (AC +4, rC+) [demonic ancestry]
 12943 | Lair:1   | Reached XP level 12. HP: 90/101 MP: 15/15
 13071 | Lair:1   | Noticed a seven-headed hydra
 13073 | Lair:1   | Banished a seven-headed hydra
 13241 | Lair:1   | Reached skill level 12 in Fighting
 13992 | Lair:2   | Noticed a boulder beetle
 14004 | Lair:2   | Killed a boulder beetle
 14343 | Lair:2   | Got a translucent long sword
 14344 | Lair:2   | Identified the +8 long sword "Host" {vorpal, rPois rN+}
                  | (You found it on level 2 of the Lair of Beasts)
 14940 | Lair:3   | Noticed a death yak
 14957 | Lair:3   | Killed a death yak
 14979 | Lair:3   | Found a staircase to the Snake Pit.
 15040 | Lair:3   | Noticed a seven-headed hydra
 15050 | Lair:3   | Killed a seven-headed hydra
 15213 | Lair:3   | Found a staircase to the Shoals.
 15219 | Lair:3   | Reached skill level 13 in Fighting
 15485 | Lair:3   | Reached XP level 13. HP: 61/111 MP: 18/18
 16345 | Lair:4   | Gained mutation: Scrolls take you a little longer to read.
                  | [potion of mutation]
 16345 | Lair:4   | Gained mutation: Your flesh is heat resistant. (rF+)
                  | [potion of mutation]
 16682 | Lair:4   | Reached skill level 1 in Evocations
 16997 | Lair:5   | Got a steaming tower shield
 17015 | Lair:5   | Reached skill level 14 in Fighting
 18208 | Lair:6   | Entered Level 6 of the Lair of Beasts
 18215 | Lair:6   | Noticed Snorg
 18222 | Lair:6   | Killed Snorg
 18236 | Lair:6   | Reached skill level 15 in Fighting
 18322 | Lair:6   | Found a staircase to the Slime Pits.
 18550 | Lair:6   | Identified the +6 tower shield of Ru's Fury {+Blink rN+
                  | Stlth+} (You found it on level 5 of the Lair of Beasts)
 18577 | Lair:6   | Reached XP level 14. HP: 123/123 MP: 19/19
 18582 | Lair:6   | Found a transporter.
 18593 | Lair:6   | Identified the +7 rapier "Lodghod" {antimagic, SInv Stlth+}
 18796 | Lair:6   | Identified the +10 spear "Lappioka" {antimagic, *Rage rC+
                  | Str+2}
 18797 | Lair:6   | Identified the +0 trident "Ybrub" {flame, Dex+4}
 19521 | Lair:6   | Reached skill level 16 in Fighting
 19716 | Lair:6   | Found a bloodstained altar of Trog.
 19716 | Lair:6   | Noticed dracos369's ghost (journeyman MfIE)
 19725 | Lair:6   | Found a transporter.
 20049 | Orc:1    | Found Aneikh's Weapon Emporium.
 20058 | Orc:1    | Found Qimmoxt's Distillery.
 20177 | Orc:1    | Found Juzenkola's Magic Scroll Emporium.
 20242 | Orc:1    | Bought a potion of mutation for 104 gold pieces
 20242 | Orc:1    | Lost mutation: Scrolls take you a little longer to read.
                  | [potion of mutation]
 20242 | Orc:1    | Lost mutation: Your flesh is heat resistant. (rF+) [potion
                  | of mutation]
 20242 | Orc:1    | Gained mutation: Your mind is acute. (Int +2) [potion of
                  | mutation]
 20242 | Orc:1    | Gained mutation: Your flesh is cold resistant. (rC+)
                  | [potion of mutation]
 20242 | Orc:1    | Gained mutation: You have a pair of small horns on your
                  | head. [potion of mutation]
 20242 | Orc:1    | Gained mutation: You are somewhat resistant to further
                  | mutation. [potion of mutation]
 20453 | Orc:2    | Entered Level 2 of the Orcish Mines
 20453 | Orc:2    | Found a staircase to the Elven Halls.
 20635 | Orc:2    | Noticed Josephine
 20640 | Orc:2    | Banished Josephine
 20703 | Orc:2    | Found a roughly hewn altar of Beogh.
 20823 | Orc:2    | Found Etoy's Distillery.
 20855 | Orc:2    | Reached skill level 15 in Short Blades
 20874 | Orc:1    | Noticed Urug
 20886 | Orc:1    | Banished Urug
 21320 | Orc:2    | Found Doap Wyo's General Store.
 21501 | Orc:2    | Gained mutation: You possess an exceptional clarity of
                  | mind. [a neqoxec]
 22016 | Orc:2    | Reached XP level 15. HP: 133/133 MP: 21/21
 22237 | Orc:2    | Reached skill level 17 in Fighting
 22294 | Orc:2    | Found Xeig's Gadget Shoppe.
 22294 | Orc:2    | Found Nayll's Antique Weapon Emporium.
 22295 | Orc:2    | Found a one-way gate leading to the halls of Pandemonium.
 22453 | D:12     | Noticed Maurice
 22465 | D:12     | Killed Maurice
 22657 | D:12     | Noticed Erolcha
 22666 | D:12     | Killed Erolcha
 22785 | D:12     | Noticed Nessos
 22803 | D:12     | Killed Nessos
 23006 | Temple   | Entered the Ecumenical Temple
 23119 | D:7      | Got a faintly glowing scale mail
 23130 | D:7      | Identified the +7 scale mail of the Zebra {rElec SInv} (You
                  | found it on level 7 of the Dungeon)
 23234 | Orc:2    | Bought a +3 ring mail of poison resistance for 368 gold
                  | pieces
 23400 | Snake:1  | Entered Level 1 of the Snake Pit
 23590 | Snake:1  | Found Lossyirr's Antique Weapon Shoppe.
 23597 | Snake:1  | Found Ytax's Magic Scroll Shoppe.
 23597 | Snake:1  | Found Ixyotz's Book Emporium.
 23602 | Snake:1  | Found Ytaidgh's Distillery.
 24813 | Snake:1  | Reached skill level 18 in Fighting
 25323 | Snake:2  | Found Beol Xys's Gadget Shop.
 25653 | Snake:2  | Reached XP level 16. HP: 145/145 MP: 22/22
 27241 | Snake:4  | Entered Level 4 of the Snake Pit
 27257 | Snake:4  | Reached skill level 5 in Shields
 27716 | Snake:4  | Noticed Vashnia
 27730 | Snake:4  | Banished Vashnia
 27731 | Snake:4  | Reached skill level 5 in Armour
 28571 | Snake:4  | Reached XP level 17. HP: 84/151 MP: 23/23
 28763 | Snake:4  | Reached skill level 19 in Fighting
 31260 | Snake:4  | Reached skill level 10 in Shields
 32042 | Snake:4  | Got a serpentine rune of Zot
 32681 | D:13     | Found Sumudek's Antique Weapon Shoppe.
 33310 | D:13     | Found a gate to the Vaults.
 33722 | D:14     | Noticed Louise
 33755 | D:14     | Killed Louise
 34184 | D:15     | Entered Level 15 of the Dungeon
 34208 | D:14     | Gained mutation: A powerful demonic guardian rushes to your
                  | aid. [demonic ancestry]
 34208 | D:14     | Reached XP level 18. HP: 118/160 MP: 24/24
 34324 | D:15     | Noticed Agnes
 34353 | D:15     | Killed Agnes
 34983 | D:15     | Found a staircase to the Depths.
 35900 | Slime:1  | Entered Level 1 of the Pits of Slime
 36374 | Slime:1  | Gained mutation: You are frail. (-10% HP) [a shining eye]
 36376 | Slime:1  | Gained mutation: Your body sometimes deteriorates upon
                  | taking damage. [a shining eye]
 36658 | Snake:3  | Lost mutation: Your body sometimes deteriorates upon taking
                  | damage. [potion of mutation]
 36658 | Snake:3  | Lost mutation: You are frail. (-10% HP) [potion of
                  | mutation]
 36658 | Snake:3  | Lost mutation: Your mind is acute. (Int +2) [potion of
                  | mutation]
 36913 | Vaults:1 | Entered Level 1 of the Vaults
 37120 | Vaults:1 | Mangled by an ettin

Illustrated notes

Levels and vault maps discovered:
D:1:      dpeg_arrival_rooms_with_view, layout_basic, minmay_box_of_dots
D:2:      layout_basic, lightli_temple_of_fire, vehumet_crystals,
          kennysheep_generic_room_8
D:3:      layout_rooms, nicolae_overflow_hidden_temple, serial_co_window_serial,
          co_window_cross_1, co_window_corner_a, co_window_paths_b,
          co_window_paths_b, co_window_paths_a, co_window_corner_b,
          co_window_paths_c, co_window_corner_b, co_window_of_opportunity_c,
          co_window_paths_e, co_window_4corner_a, glass_columns_a,
          glass_columns_a, glass_columns_b, glass_columns_a, glass_columns_c
D:4:      layout_cave_pools, minmay_temple_entry_statues_fountains
D:5:      layout_loops_ring, elyvilon_altar_1, kennysheep_mini, serial_shops,
          shop, uniq_edmund, uniq_grinder, uniq_sigmund
D:6:      layout_basic, general_overflow_altar, serial_shops, shop,
          gammafunk_ghost_necromancy, basic_altar, uniq_duvessa, uniq_eustachio
D:7:      layout_basic, led_sif_book, old_standard_altar
D:8:      layout_cave_pools, onia_ninara_dug_in_and_dangerous
D:9:      layout_basic
D:10:     layout_roguey [special_room_bee], grunt_lair_entry_orc_guard_hut,
          david_orc_5, serial_shops,
          nicolae_shop_temple_entry_statues_fountains, basic_altar,
          chequers_serial_rivers_large_a
D:11:     layout_cave_pools, serial_shops, nicolae_shop_statue_plus,
          gauntlet_entry_generic, kb_xom_exploding_sheep
D:12:     layout_cross, serial_undead, serial_undead_e, serial_undead_d,
          serial_undead_b, serial_undead_b, drop_trap, chequers_mini_garden,
          uniq_maurice, uniq_nessos, uniq_erolcha
D:13:     layout_loops_corners, grunt_vaults_entry_fortified, serial_shops,
          nicolae_shop_statue_plus, nooodl_orcs_dogs
D:14:     layout_loops_cross, serial_bayou, serial_bayou_lagoon_a,
          serial_bayou_pond_a, serial_bayou_pond_d, serial_bayou_pond_b,
          uniq_louise
D:15:     gammafunk_enter_depths_forms, layout_basic, lemuel_freeze_loot_1,
          uniq_agnes
Temple:   minmay_temple_bridge_abc
Lair:1:   beast_lair_carwin_large_4, layout_chaotic_city, grunt_megastairs_4,
          infiniplex_staircase_pool_2
Lair:2:   layout_hall_layers, beast_lair_carwin_6, lemuel_fruit_fields,
          serial_bayou_shore_b
Lair:3:   layout_long_grid, elwin_shoals_entry_stream,
          minmay_snake_entry_six_corridors, infiniplex_staircase_pool
Lair:4:   layout_hall_layers
Lair:5:   cheibrodos_lair_river_kwai, layout_regular_city, grunt_megastairs_1
Lair:6:   evilmike_catoblepas_cave, layout_big_grid, minmay_slime_entry_pillars,
          gammafunk_ghost_wrathful_warriors, eino_house_with_fridge, uniq_snorg
Snake:1:  layout_onion, grunt_megastairs_3, minmay_shoptagon
Snake:2:  layout_cave_town, serial_shops, shop, serial_bayou_shore_a,
          lemuel_fruit_tree
Snake:3:  layout_onion, drop_trap, st_stairs_6, grunt_megastairs_2
Snake:4:  grunt_snake_rune_spirals, layout_onion, hangedman_snake_pattern,
          drop_trap, st_stairs_2, uniq_vashnia
Slime:1:  layout_caves
Orc:1:    layout_caves, serial_shops, nicolae_shop_competitors_out_of_business,
          lightli_volcano_entry_magma_tube, abandoned_shop,
          guppyfry_orc_lava_fort, uniq_urug, uniq_harold
Orc:2:    pf_orc_diabolical, layout_caves, mines1_david, uniq_josephine
Vaults:1: ontoclasm_vaults_claustrophobia, v_rooms_6, v_misc_14,
          nicolae_vaults_angled_halls, st_octagons_1, hangedman_vaults_corner,
          v_misc_25, nicolae_vaults_network_star,
          nicolae_vaults_little_squares_1, ontoclasm_vaults_loading_screen,
          layout_vaults_ring, serial_shops, shop

Skill      XL: |  1  2  3  4  5  6  7  8  9 10 11 12 13 14 15 16 17 18 |
---------------+-------------------------------------------------------+-----
Maces & Flails | 2 3 4 5 6 7 |  7.8
Armour         | 2 5 7 |  7.7
Dodging        | 1 |  1.1
Throwing       | 1 |  1.8
Fighting       | 4 7 8 9 11 13 15 16 18 19 | 19.7
Invocations    | 3 4 5 7 8 9 |  9.2
Shields        | 1 2 8 11 12 | 12.5
Short Blades   | 3 7 9 11 13 14 15 16 17 | 17.1
Evocations     | 1 2 |  2.9

Action                   |  1- 3 |  4- 6 |  7- 9 | 10-12 | 13-15 | 16-18 || total
-------------------------+-------+-------+-------+-------+-------+-------++-------
Melee: Mace              |   153 |   142 |    21 |       |       |       ||   316
       Kick              |       |    23 |    75 |   133 |   359 |   442 ||  1032
       Flail             |       |       |    59 |       |       |       ||    59
       Short sword       |       |       |   182 |   546 |  1158 |  1383 ||  3269
       Headbutt          |       |       |       |       |   118 |   315 ||   433
Throw: Boomerang         |       |     9 |     8 |     3 |     3 |     7 ||    30
Invok: Bend Space        |       |     2 |       |       |       |    11 ||    13
       Banish            |       |       |       |     3 |     1 |     1 ||     5
 Abil: Evoke Flight      |       |       |       |     1 |       |     1 ||     2
Evoke: Phantom mirror    |       |       |       |       |     2 |     5 ||     7
  Use: Scroll            |       |       |       |    16 |    16 |     5 ||    37
       Potion            |       |       |       |     8 |     4 |     3 ||    15
 Stab: Sleeping          |       |     1 |       |       |       |       ||     1
       Distracted        |       |       |     2 |     2 |     4 |     7 ||    15
Armor: Leather armour    |    58 |    49 |    63 |     2 |       |       ||   172
       Chain mail        |       |       |       |   225 |   235 |       ||   460
       Ring mail         |       |       |       |       |    64 |   296 ||   360
Dodge: Dodged            |   115 |    81 |   117 |   112 |   100 |   176 ||   701
       Repelled          |       |       |       |       |       |    18 ||    18
Block: Buckler           |       |     6 |    66 |    90 |    15 |       ||   177
       Tower shield      |       |       |       |       |   651 |  1115 ||  1766
